 Dungeon Sprint DCSS version 0.17-a0-1-g1f4be75 (webtiles) character file.

28854 McCoppin the Shatterer (level 13, -3/247 HPs)
             Began as an Ogre Gladiator on Mar 3, 2015.
             Was the Champion of Trog.
             Slain by a shadow (21 damage)
             ... in the Dungeon (Sprint V: "Ziggurat Sprint") on Mar 4, 2015.
             The game lasted 00:16:30 (1585 turns).

McCoppin the Shatterer (Ogre Gladiator)             Turns: 1585, Time: 00:16:30

Health: -3/247     AC:  9    Str: 38      XL:     13   Next: 41%
Magic:  4/4        EV:  1    Int:  6 (7)  God:    Trog [******]
Gold:   0          SH: 32    Dex:  6      Spells: 0 memorised, 12 levels left

rFire  + + .     SeeInvis .     A - +6 shillelagh "Devastator" {shatter}
rCold  + . .     Clarity  .     m - +5 gold dragon armour
rNeg   + + .     SustAb   .     C - +18 shield of the gong {rElec rN+ MR+ EV-5}
rPois  +         Gourm    .     c - +0 hat
rElec  +         Spirit   .     (no cloak)
rCorr  .         Warding  .     (gloves unavailable)
rMut   .         NoTele   +     (boots unavailable)
MR     ++++.                    (no amulet)
Stlth  ..........               F - ring "Xyusoo" {rF+ rN+ MP-9 AC+4 Dex-4 Slay+2}
                                t - +6 ring of strength

@: berserking, corroded equipment, regenerating, very quick, incredibly
resistant to hostile enchantments, extremely unstealthy
A: unfitting armour, deterioration 1, tough skin 1
a: Burn Spellbooks, Berserk, Trog's Hand, Brothers in Arms, Renounce Religion


You were in the Dungeon.
You worshipped Trog.
Trog was exalted by your worship.
You were not hungry.

You visited 1 branch

Inventory:

Hand weapons
 a - the +5 giant spiked club "String" {flame, rPois rC+ rN+ Dex-2, unknown}
   (Trog gifted it to you in the Dungeon)

   It has been specially enchanted to burn those struck by it, causing extra
   injury to most foes and up to half again as much damage against particularly
   susceptible opponents.
   It affects your dexterity (-2).
   It protects you from cold.
   It protects you from poison.
   It protects you from negative energy.
 A - the +6 shillelagh "Devastator" (weapon) {shatter}
   (You found it in the Dungeon)
 B - the +10 dark maul {crush}
   (You found it in the Dungeon)

   It inflicts extra damage upon your enemies.
Missiles
 d - 3 throwing nets (quivered)
Armour
 b - a +0 animal skin
 c - a +0 hat (worn)
 l - a +5 fire dragon armour
 m - a +5 gold dragon armour (worn)
 n - a +5 shadow dragon armour
 C - the +18 shield of the gong (worn) {rElec rN+ MR+ EV-5}
   (You found it in the Dungeon)

   It affects your evasion (-5).
   It insulates you from electricity.
   It protects you from negative energy.
   It affects your resistance to hostile enchantments.
Rods
 Z - a +5 rod of ignition (13/13)
   (You found it in the Dungeon)
Jewellery
 p - a +6 ring of dexterity
 q - a +6 ring of dexterity
 r - a +6 ring of intelligence
 s - a +6 ring of intelligence
 t - a +6 ring of strength (left hand)
 u - a +6 ring of strength
 v - an uncursed ring of flight
 F - the ring "Xyusoo" (right hand) {rF+ rN+ MP-9 AC+4 Dex-4 Slay+2}
   (You acquired it in the Dungeon)

   [ring of protection]

   It affects your AC (+4).
   It affects your dexterity (-4).
   It affects your accuracy and damage with ranged weapons and melee attacks
   (+2).
   It protects you from fire.
   It protects you from negative energy.
   It affects your magic capacity (-9).
 Q - an uncursed ring of ice
 T - the ring "Gaireubou" {Int+4 Dex+5 SInv Stlth+}
   (You found it in the Dungeon)

   [ring of stealth]

   It affects your intelligence (+4).
   It affects your dexterity (+5).
   It enhances your eyesight.
   It makes you more stealthy.
 U - the amulet "Dokenoil" {rElec rF- Regen+ Int+6 Dex-3 Stlth+}
   (You found it in the Dungeon)

   [amulet of regeneration]

   It affects your intelligence (+6).
   It affects your dexterity (-3).
   It makes you vulnerable to fire.
   It insulates you from electricity.
   It increases your rate of regeneration.
   It makes you more stealthy.
 V - an uncursed ring of stealth
 W - an uncursed ring of protection from magic
 X - an uncursed ring of protection from cold
 Y - a +4 ring of strength
Magical devices
 w - a wand of disintegration (7)
 x - a wand of fire (5)
 y - a wand of cold (5)
 z - a wand of draining (5)
Scrolls
 k - 4 scrolls of blinking
 o - 2 scrolls of brand weapon
 G - 3 scrolls of recharging
 H - 7 scrolls of fog
 I - a scroll of holy word
 J - 5 scrolls of identify
 K - 5 scrolls of remove curse
 L - 2 scrolls of fear
Potions
 e - 10 potions of curing
 g - 10 potions of heal wounds
 h - 6 potions of haste
 i - 7 potions of magic
 j - 3 potions of berserk rage
 M - 2 potions of brilliance
 N - 2 potions of invisibility
 O - 2 potions of restore abilities
 P - 4 potions of resistance
 R - 7 potions of agility
 S - 5 potions of might
Comestibles
 f - 5 meat rations
 D - 28 fruits
 E - 4 bread rations


   Skills:
 + Level 19.8 Fighting
 - Level 24.6 Maces & Flails
 - Level 2.1 Throwing
 + Level 13.6 Armour
 - Level 2.6 Dodging
 + Level 14.7 Shields


You had 12 spell levels left.
You didn't know any spells.

Dungeon Overview and Level Annotations

Branches:
Dungeon (1/1)

Altars:
Ashenzari
Cheibriados
Dithmenos
Elyvilon
Fedhas
Gozag
Kikubaaqudgha
Makhleb
Nemelex Xobeh
Okawaru
Qazlal
Ru
Sif Muna
Trog
Vehumet
Xom
Yredelemnul
Zin
The Shining One
Beogh
Jiyva
Lugonu


Innate Abilities, Weirdness & Mutations

You are too large for most types of armour.
You have tough skin (AC +1).
Your body is slowly deteriorating.


Message History

BONNNG!
The rust devil hits you.
* * * LOW HITPOINT WARNING * * *
The rust devil corrodes your equipment!
You hit the rust devil.
The rust devil and the iron imps shudder.
The rust devil is almost dead.
The iron imp is severely wounded.
You feel the power of Trog in you as your rage grows.
You kill the iron imp!
Trog accepts your kill.
The rust devil is almost dead.
The tormentor says, "I know a thousand and one ways to kill you."
You block the tormentor's attack.
GONNNNG!
You block the tormentor's attack.
GONNNNG!
The bat zombie hits you but does no damage.
The shadow strikes at you from the darkness!
You die...

▓▓▓▓▓▓▓▓▓ ▓▓▓▓▓▓▓▓▓▓▓
...8©8.....▓....8©8...
.:}=)=}:|...▓...})\:[:.
....)))}))...▓...)})}:}.
.............▓..........
▓.......2.....▓....).....
▓.....42W.....▓.......)..
▓..W..5.@4....▓.....).)..
▓......4.Z....▓.....)....
▓..▓.......▓..▓..▓.....▓.
▓ ▓▓.....▓▓ .▓..........
▓..▓.......▓..▓..........
▓.............▓▓▓▓▓▓▓▓▓▓▓
▓.............▓....8©8...
▓▓▓▓▓▓▓▓▓▓▓▓▓▓▓..})))||[.
▓...[)=|:|.


You could see 2 rust devils, 2 tormentors, a phantom, a red devil, a shadow, an
iron imp and a bat zombie.

Vanquished Creatures
  A lich (D)
  2 shadow dragons (D)
  3 very ugly things (D)
  8 vault guards (D)
  A yaktaur captain (D)
  An iron golem (D)
  A deep elf knight (D)
  An unseen horror (D)
  An ice devil (D)
  3 skeletal warriors (D)
  A hill giant (shapeshifter) (D)
  An ugly thing (D)
  A salamander (shapeshifter) (D)
  3 large abominations (D)
  An eye of devastation (D)
  2 rust devils (D)
  2 hellions (D)
  An orange demon (D)
  A spiny frog (D)
  A tormentor (D)
  2 jumping spiders (D)
  A red devil (D)
  A troll (D)
  A jumping spider (shapeshifter) (D)
  A deep elf priest (D)
  A fire drake (D)
  A blink frog (shapeshifter) (D)
  A two-headed ogre (D)
  A blink frog (D)
  A tarantella (D)
  A redback (D)
  A yak (D)
  2 neqoxecs (D)
  A deep elf fighter (D)
  A wolf (shapeshifter) (D)
  A porcupine (D)
  2 orc warriors (D)
  2 water moccasins (D)
  2 necrophages (D)
  2 ogres (D)
  3 phantoms (D)
  3 eyes of draining (D)
  2 crocodiles (D)
  A giant frog (D)
  A scorpion (D)
  A small abomination (D)
  A wight (D)
  5 jellies (D)
  8 iron imps (D)
  2 orc priests (D)
  3 crimson imps (D)
  2 quasits (D)
  An orc wizard (D)
  3 adders (D)
  A river rat (D)
  9 giant mites (D)
  4 shadow imps (D)
  6 white imps (D)
  2 ufetubi (D)
  An orc (D)
  A bat zombie (D)
  A jackal (D)
  A jackal skeleton (D)
  A jackal zombie (D)
125 creatures vanquished.

Notes
Turn   | Place    | Note
--------------------------------------------------------------
     0 | D        | McCoppin, the Ogre Gladiator, began the quest for the Orb.
     0 | D        | Reached XP level 1. HP: 22/22 MP: 1/1
     0 | D        | Found a basalt altar of Yredelemnul.
     0 | D        | Found an iron altar of Okawaru.
     3 | D        | Found a radiant altar of Vehumet.
     3 | D        | Found a shimmering altar of Xom.
     5 | D        | Found a burning altar of Makhleb.
    25 | D        | Found a deep blue altar of Sif Muna.
    26 | D        | Found a white marble altar of Elyvilon.
    26 | D        | Found a sparkling altar of Nemelex Xobeh.
    27 | D        | Found a corrupted altar of Lugonu.
    27 | D        | Found a bloodstained altar of Trog.
    29 | D        | Found a viscous altar of Jiyva.
    75 | D        | Became a worshipper of Trog the Wrathful
    87 | D        | Entered arena 1.
    87 | D        | Noticed a porcupine
    93 | D        | Killed a porcupine
    93 | D        | Reached skill level 12 in Maces & Flails
    93 | D        | Reached XP level 2. HP: 27/29 MP: 2/2
    93 | D        | Reached XP level 3. HP: 33/36 MP: 3/3
    93 | D        | Reached XP level 4. HP: 40/44 MP: 4/4
    96 | D        | Got the ring "Gaireubou" {Int+4 Dex+5 SInv Stlth+}
   121 | D        | Reached skill level 16 in Maces & Flails
   121 | D        | Reached XP level 5. HP: 50/50 MP: 5/5
   122 | D        | Entered arena 2.
   122 | D        | Noticed a deep elf knight
   122 | D        | Noticed a deep elf priest
   122 | D        | Noticed a deep elf fighter
   125 | D        | Killed a deep elf priest
   125 | D        | Acquired Trog's first power
   125 | D        | Reached skill level 18 in Maces & Flails
   125 | D        | Reached XP level 6. HP: 59/59 MP: 6/6
   125 | D        | Reached XP level 7. HP: 66/66 MP: 7/7
   126 | D        | Killed a deep elf fighter
   126 | D        | Reached skill level 19 in Maces & Flails
   128 | D        | Killed a deep elf knight
   128 | D        | Acquired Trog's second power
   128 | D        | Reached skill level 21 in Maces & Flails
   128 | D        | Reached XP level 8. HP: 74/74 MP: 8/8
   135 | D        | Got the amulet "Dokenoil" {rElec rF- Regen+ Int+6 Dex-3 Stlth+}
   138 | D        | Entered arena 3.
   138 | D        | Noticed an ogre
   138 | D        | Noticed an ogre
   138 | D        | Noticed a troll
   138 | D        | Noticed a two-headed ogre
   141 | D        | Killed an ogre
   141 | D        | Killed an ogre
   143 | D        | Killed a troll
   143 | D        | Reached skill level 22 in Maces & Flails
   146 | D        | Killed a two-headed ogre
   146 | D        | Reached XP level 9. HP: 80/80 MP: 9/9
   187 | D        | Entered arena 4.
   187 | D        | Noticed a crimson imp
   187 | D        | Noticed an iron imp
   191 | D        | Killed a crimson imp
   197 | D        | Killed an iron imp
   197 | D        | Acquired Trog's third power
   202 | D        | Entered arena 5.
   202 | D        | Noticed a phantom
   202 | D        | Noticed a necrophage
   202 | D        | Noticed a necrophage
   202 | D        | Noticed a wight
   202 | D        | Noticed a phantom
   205 | D        | Killed a wight
   205 | D        | Reached skill level 23 in Maces & Flails
   205 | D        | Killed a necrophage
   206 | D        | Killed a necrophage
   220 | D        | Killed a phantom
   224 | D        | Killed a phantom
   253 | D        | Entered arena 6.
   253 | D        | Noticed a jumping spider
   253 | D        | Noticed a scorpion
   253 | D        | Noticed a tarantella
   258 | D        | Killed a tarantella
   258 | D        | Reached skill level 24 in Maces & Flails
   260 | D        | Killed a scorpion
   268 | D        | Killed a jumping spider
   280 | D        | Entered arena 7.
   280 | D        | Noticed an orc wizard
   280 | D        | Noticed an orc warrior
   280 | D        | Noticed an orc priest
   280 | D        | Noticed an orc warrior
   280 | D        | Noticed an orc priest
   283 | D        | Killed an orc priest
   285 | D        | Killed an orc wizard
   285 | D        | Received a gift from Trog
   287 | D        | Killed an orc warrior
   287 | D        | Reached skill level 1 in Armour
   287 | D        | Reached skill level 1 in Shields
   288 | D        | Killed an orc priest
   291 | D        | Killed an orc warrior
   414 | D        | Received a gift from Trog
   431 | D        | Got a heavily runed brass ring
   433 | D        | Identified the ring "Xyusoo" {rF+ rN+ MP-9 AC+4 Dex-4 Slay+2} (You acquired it in the Dungeon)
   444 | D        | Entered arena 8.
   444 | D        | Noticed a quasit
   444 | D        | Noticed a large abomination
   444 | D        | Noticed a crimson imp
   444 | D        | Noticed a crimson imp
   449 | D        | Killed a quasit
   454 | D        | Killed a large abomination
   454 | D        | Reached skill level 5 in Fighting
   455 | D        | Killed a crimson imp
   455 | D        | Reached XP level 10. HP: 91/96 MP: 1/10
   462 | D        | Killed a crimson imp
   467 | D        | Received a gift from Trog
   470 | D        | Entered arena 9.
   470 | D        | Noticed a jumping spider
   470 | D        | Noticed a redback
   475 | D        | Killed a redback
   479 | D        | Killed a jumping spider
   479 | D        | Received a gift from Trog
   486 | D        | Received a gift from Trog
   488 | D        | Entered arena 10.
   488 | D        | Noticed an eye of draining
   488 | D        | Noticed a jelly
   488 | D        | Noticed a jelly
   488 | D        | Noticed a jelly
   488 | D        | Noticed a jelly
   488 | D        | Noticed an eye of draining
   488 | D        | Noticed a jelly
   488 | D        | Noticed an eye of draining
   488 | D        | Noticed an eye of devastation
   492 | D        | Killed a jelly
   493 | D        | Killed a jelly
   495 | D        | Killed an eye of draining
   500 | D        | Killed a jelly
   501 | D        | Killed a jelly
   501 | D        | Received a gift from Trog
   503 | D        | Killed an eye of draining
   504 | D        | Killed an eye of devastation
   504 | D        | Reached skill level 5 in Shields
   505 | D        | Killed a jelly
   506 | D        | Killed an eye of draining
   506 | D        | Reached skill level 5 in Armour
   509 | D        | Upgraded the game from 0.16-a0-4127-g24fbb24 to 0.17-a0-1-g1f4be75
   664 | D        | Entered arena 11.
   664 | D        | Noticed a jumping spider
   664 | D        | Noticed a salamander
   664 | D        | Noticed an elephant
   664 | D        | Noticed a purple very ugly thing
   664 | D        | Noticed a green very ugly thing
   664 | D        | Noticed a brown ugly thing
   664 | D        | Noticed a neqoxec
   665 | D        | Noticed a blink frog
   665 | D        | Noticed a hornet
   665 | D        | an elephant changed into a hornet
   667 | D        | Noticed a green very ugly thing
   667 | D        | Killed a jumping spider
   668 | D        | Noticed a swamp dragon
   668 | D        | a hornet changed into a swamp dragon
   670 | D        | Noticed a torpor snail
   670 | D        | a swamp dragon changed into a torpor snail
   672 | D        | Killed a green ugly thing
   672 | D        | Noticed an anaconda
   672 | D        | a torpor snail changed into an anaconda
   674 | D        | Killed a green very ugly thing
   674 | D        | Received a gift from Trog
   674 | D        | Reached skill level 10 in Fighting
   675 | D        | Killed a purple very ugly thing
   675 | D        | Reached XP level 11. HP: 113/123 MP: 2/11
   675 | D        | Killed a blink frog
   675 | D        | an anaconda changed into a griffon
   676 | D        | Gained mutation: Your body is slowly deteriorating. [a neqoxec]
   680 | D        | Killed a neqoxec
   683 | D        | Killed a green very ugly thing
   683 | D        | Killed a salamander
   684 | D        | Noticed a great orb of eyes
   684 | D        | a griffon changed into a great orb of eyes
   689 | D        | a great orb of eyes changed into a wolf spider
   691 | D        | Noticed a hill giant
   691 | D        | a wolf spider changed into a hill giant
   693 | D        | Killed a hill giant
   693 | D        | Received a gift from Trog
   695 | D        | Got a dazzling giant spiked club {god gift}
  1066 | D        | Received a gift from Trog
  1084 | D        | Entered arena 12.
  1084 | D        | Noticed an iron imp
  1084 | D        | Noticed an orange demon
  1084 | D        | Noticed a small abomination
  1084 | D        | Noticed a large abomination
  1085 | D        | Noticed a neqoxec
  1086 | D        | Noticed a large abomination
  1092 | D        | Killed a large abomination
  1096 | D        | Killed an unseen horror
  1096 | D        | Reached skill level 10 in Shields
  1096 | D        | Received a gift from Trog
  1098 | D        | Killed a large abomination
  1099 | D        | Killed a small abomination
  1099 | D        | Killed an iron imp
  1102 | D        | Killed a neqoxec
  1105 | D        | Killed an orange demon
  1172 | D        | Entered arena 13.
  1172 | D        | Noticed a vault guard
  1172 | D        | Noticed a vault guard
  1172 | D        | Noticed a shadow dragon
  1173 | D        | Noticed a vault guard
  1173 | D        | Noticed a vault guard
  1173 | D        | Noticed a shadow dragon
  1173 | D        | Noticed a vault guard
  1173 | D        | Noticed a vault guard
  1174 | D        | Noticed a yaktaur captain
  1174 | D        | Noticed a lich
  1174 | D        | Noticed a vault guard
  1176 | D        | Noticed a vault guard
  1185 | D        | Killed a vault guard
  1185 | D        | Received a gift from Trog
  1189 | D        | Killed a vault guard
  1189 | D        | Reached skill level 15 in Fighting
  1189 | D        | Reached skill level 10 in Armour
  1189 | D        | Reached XP level 12. HP: 143/143 MP: 3/12
  1192 | D        | Killed a vault guard
  1194 | D        | Killed a lich
  1195 | D        | Killed a vault guard
  1198 | D        | Killed a vault guard
  1200 | D        | Killed a vault guard
  1202 | D        | Killed a vault guard
  1205 | D        | Killed a yaktaur captain
  1205 | D        | Received a gift from Trog
  1210 | D        | Killed a vault guard
  1219 | D        | Killed a shadow dragon
  1225 | D        | Killed a shadow dragon
  1225 | D        | Reached XP level 13. HP: 140/161 MP: 4/13
  1363 | D        | Entered arena 14.
  1363 | D        | Noticed a spiny frog
  1363 | D        | Noticed a fire drake
  1364 | D        | Noticed a water moccasin
  1364 | D        | Noticed a yak
  1364 | D        | Noticed a water moccasin
  1364 | D        | Noticed a crocodile
  1364 | D        | Noticed a giant frog
  1365 | D        | Noticed a crocodile
  1365 | D        | Noticed a blink frog
  1371 | D        | Killed a fire drake
  1371 | D        | Killed a water moccasin
  1372 | D        | Killed a blink frog
  1372 | D        | Killed a water moccasin
  1372 | D        | Received a gift from Trog
  1373 | D        | Killed a yak
  1374 | D        | Killed a spiny frog
  1375 | D        | Killed a crocodile
  1376 | D        | Killed a giant frog
  1377 | D        | Killed a crocodile
  1377 | D        | Received a gift from Trog
  1433 | D        | Entered arena 15.
  1433 | D        | Noticed an iron golem
  1433 | D        | Noticed an iron imp
  1433 | D        | Noticed a red devil
  1434 | D        | Noticed a skeletal warrior
  1434 | D        | Noticed a tormentor
  1434 | D        | Noticed a rust devil
  1434 | D        | Noticed an iron imp
  1434 | D        | Noticed a phantom
  1434 | D        | Noticed an ice devil
  1435 | D        | Noticed a rust devil
  1435 | D        | Noticed an iron imp
  1435 | D        | Noticed a skeletal warrior
  1436 | D        | Noticed a skeletal warrior
  1441 | D        | Killed a rust devil
  1441 | D        | Killed an iron imp
  1442 | D        | Killed a tormentor
  1443 | D        | Killed a rust devil
  1444 | D        | Killed an iron golem
  1446 | D        | Killed an iron imp
  1448 | D        | Killed an ice devil
  1448 | D        | Received a gift from Trog
  1448 | D        | Killed a skeletal warrior
  1449 | D        | Killed an iron imp
  1454 | D        | Killed a skeletal warrior
  1462 | D        | Killed a skeletal warrior
  1464 | D        | Killed a phantom
  1466 | D        | Killed a red devil
  1568 | D        | Entered arena 16.
  1570 | D        | Noticed an iron imp
  1570 | D        | Noticed a hellion
  1570 | D        | Noticed a rust devil
  1570 | D        | Noticed a rust devil
  1571 | D        | Noticed a shadow
  1571 | D        | Noticed a shadow
  1571 | D        | Noticed a tormentor
  1571 | D        | Noticed a red devil
  1571 | D        | Noticed an iron imp
  1572 | D        | Noticed a hellion
  1572 | D        | Noticed a tormentor
  1572 | D        | Noticed a phantom
  1581 | D        | Killed a hellion
  1583 | D        | Killed a hellion
  1585 | D        | Killed an iron imp
  1585 | D        | Slain by a shadow

Action                   |  1- 3 |  4- 6 |  7- 9 | 10-12 | 13-15 || total
-------------------------+-------+-------+-------+-------+-------++-------
Melee: Shillelagh        |     5 |     1 |    57 |   115 |    35 ||   213
Invok: Berserk           |       |       |     2 |     3 |     3 ||     8
       Burn Spellbooks   |       |       |     1 |     3 |       ||     4
       Trog's Hand       |       |       |       |     1 |     3 ||     4
  Use: Potion            |       |     1 |       |       |       ||     1
       Scroll            |       |       |     1 |       |       ||     1
  Eat: Fruit             |       |       |       |    14 |       ||    14
